AoeStats
← pascapas

Arena

507613123Analyzed
2v2 RM · 15d ago on Sep 19, 2026· 56m 22s· 4 players
Game mode
Random Map
Map size
Medium (4 player)
Population
200
Speed
Normal
Resources
Standard
Victory
Conquest
Starting age
Dark Age
Ending age
Imperial Age
RankedLock teamsTeams togetherTeam positionsShared explorationLock speedFull tech treeHidden civsTurbo modeCheats
Victory
Defeat
🇲🇽 Celts · Mexico
810
+14
🇨🇭 Poles · Switzerland
783
+16
🇨🇱 Turks · Chile
784
-15
🇨🇱 Bohemians · Chile
767
-15
pascapas
11:28 Feudal Age
12:35 Double-Bit Axe
13:32 Forging
14:20 Horse Collar
20:46 Castle Age
19:05 Bloodlines
22:28 Fletching
23:13 Iron Casting
22:46 Scale Barding Armor
25:27 Wheelbarrow
24:40 Town Watch
25:49 Szlachta Privileges
27:07 Chain Barding Armor
27:23 Bodkin Arrow
28:38 Husbandry
28:07 Light Cavalry
32:58 Imperial Age
33:49 Cavalier
35:58 Winged Hussar
46:20 Blast Furnace
45:22 Bracer
44:48 Elite Skirmisher
LUISMTZ
0:34 Loom
11:22 Feudal Age
11:51 Horse Collar
11:59 Double-Bit Axe
18:15 Castle Age
16:43 Town Watch
18:41 Wheelbarrow
18:06 Stone Mining
18:09 Gold Mining
18:25 Fletching
24:22 Treadmill Crane
25:03 Ballistics
27:50 Masonry
30:10 Town Patrol
35:53 Gold Shaft Mining
35:54 Stone Shaft Mining
35:53 Forging
35:38 Bodkin Arrow
35:44 Scale Mail Armor
36:12 Hand Cart
36:01 Heavy Plow
40:05 Imperial Age
40:15 Murder Holes
40:29 Heavy Scorpion
41:48 Iron Casting
42:15 Chemistry
41:05 Heated Shot
42:35 Capped Ram
43:48 Siege Ram
44:51 Fortified Wall
45:12 Pikeman
45:37 Arson
45:38 Gambesons
46:06 Halberdier
47:50 Chain Mail Armor
48:36 Blast Furnace
48:30 Bow Saw
48:09 Onager
51:02 Coinage
50:33 Caravan
50:44 Guilds
pablo.torres
11:39 Feudal Age
12:53 Horse Collar
13:02 Double-Bit Axe
21:52 Castle Age
19:48 Gold Mining
21:30 Bloodlines
21:34 Forging
21:45 Stone Mining
23:03 Wheelbarrow
23:44 Scale Barding Armor
26:17 Hand Cart
26:25 Bow Saw
26:58 Gold Shaft Mining
28:26 Chain Barding Armor
28:42 Iron Casting
33:52 Imperial Age
36:02 Heavy Camel Rider
37:23 Elite Janissary
41:06 Padded Archer Armor
51:59 Conscription
D I O
1:58 Loom
10:56 Feudal Age
19:07 Castle Age
17:09 Double-Bit Axe
18:12 Scale Mail Armor
19:36 Horse Collar
27:01 Chemistry
25:57 Pikeman
27:58 Forging
34:32 Heavy Plow
39:16 Masonry
43:20 Imperial Age
41:02 Bow Saw
41:51 Treadmill Crane
42:50 Ballistics
45:30 Houfnice
Connection lost

Rejoining the realm…

Still unreachable

The connection could not be restored.

Session expired

The server has moved on; the page needs a fresh start.